 Dungeon Crawl Stone Soup version 0.28.0 (webtiles) character file.

Game seed: 1857480410795873940

392 Krehm the Firebug (level 6, -4/50 HPs)
             Began as a Hill Orc Fire Elementalist on Feb 16, 2022.
             Slain by an orc priest (5 damage)
             ... on level 4 of the Dungeon.
             The game lasted 00:23:09 (4251 turns).

Krehm the Firebug (Hill Orc Fire Elementalist)      Turns: 4251, Time: 00:23:11

Health: -4/50      AC:  8    Str: 13    XL:     6   Next: 81%
Magic:  4/9        EV: 13    Int: 20    God:
Gold:   59         SH:  0    Dex: 17    Spells: 3/9 levels left

rFire   + . .      SeeInvis +   v - +10 hand axe of Risk Management {freeze, Will- Str+2 Int+3 Dex+4}
rCold   . . .      Faith    .   (no shield)
rNeg    . . .      Spirit   .   m - +1 scale mail {rF+}
rPois   .          Reflect  .   (no helmet)
rElec   .          Harm     .   (no cloak)
rCorr   .          Rampage  .   l - +0 pair of gloves {Stlth+}
Will    .....                   (no boots)
Stlth   ++........              o - amulet of regeneration
HPRegen 0.96/turn               f - +4 ring of evasion
MPRegen 0.11/turn               g - ring of wizardry

@: lethally poisoned (-4 -> -5), flying
A: see invisible, agile 1
a: Convert to Beogh


You were on level 4 of the Dungeon.
You visited 1 branch of the dungeon, and saw 6 of its levels.

You collected 69 gold pieces.
You spent 10 gold pieces at shops.

Inventory:

Hand Weapons
 a - a +0 dagger
 b - a +2 spear of freezing
 v - the +10 hand axe of Risk Management (weapon) {freeze, Will- Str+2 Int+3 Dex+4}
   (You found it on level 6 of the Dungeon)

   It freezes those it strikes, dealing additional cold damage.
   It can also slow down cold-blooded creatures.
   Str:       It affects your strength (+2).
   Int:       It affects your intelligence (+3).
   Dex:       It affects your dexterity (+4).
   Will:      It decreases your willpower.
Missiles
 c - 134 stones
 k - 5 poisoned darts (quivered)
Armour
 e - a +0 leather armour
 l - a +0 pair of gloves of stealth (worn)
 m - a +1 scale mail of fire resistance (worn)
 r - a +0 tower shield
Jewellery
 f - a +4 ring of evasion (left hand)
 g - a ring of wizardry (right hand)
 o - an amulet of regeneration (around neck)
Scrolls
 j - a scroll of teleportation {unknown}
 p - a scroll of enchant weapon {unknown}
 q - 3 scrolls of identify {unknown}
 s - a scroll of vulnerability {unknown}
 u - a scroll of fear {unknown}
 w - a scroll of immolation {unknown}
 x - a scroll of summoning {unknown}
Potions
 d - a potion of mutation
 h - a potion of berserk rage {unknown}
 i - 2 potions of flight
 n - a potion of curing {unknown}
 t - a potion of magic {unknown}


   Skills:
 + Level 2.5 Fighting
 + Level 1.9(2.6) Axes
 - Level 2.2(2.4) Polearms
 + Level 2.0 Armour
 - Level 1.5 Dodging
 - Level 2.0 Stealth
 + Level 2.0 Shields
 - Level 2.3 Spellcasting
 - Level 2.4 Conjurations
 - Level 1.3 Hexes
 - Level 4.2 Fire Magic


You had 3 spell levels left.
You knew the following spells:

 Your Spells              Type           Power      Damage    Failure   Level
a - Foxfire               Conj/Fire      60%        2x1d7     8%          1
b - Scorch                Fire           38%        2d7       8%          2
c - Inner Flame           Hex/Fire       13%        N/A       26%         3

Your spell library contained the following spells:

 Spells                   Type           Power      Damage    Failure   Level
 Conjure Flame            Conj/Fire      15%        6-21      22%         3
 Ignite Poison            Fire/Tmut/Pois 7%         N/A       43%         3
 Mephitic Cloud           Conj/Pois/Air  5%         N/A       50%         3
 Gell's Gravitas          Tloc           2%         N/A       61%         3
 Lesser Beckoning         Tloc           2%         N/A       61%         3
 Teleport Other           Tloc           2%         N/A       61%         3
 Flame Wave               Conj/Fire      15%        2d6       56%         4
 Freezing Cloud           Conj/Ice/Air   2%         6-21      99%         5


Dungeon Overview and Level Annotations

Branches:
Dungeon (6/15)
 Temple: D:4-7

Altars:
Wu Jian

Shops:
D:3 !   D:4 (


Innate Abilities, Weirdness & Mutations

You have supernaturally acute eyesight. (SInv)
You are agile. (Dex +2)


Message History

Casting: Scorch (safe; 8% risk of failure)
Confirm with . or Enter, or press ? or * to list all spells.
Flames lash the gnoll.
The gnoll is severely wounded.
The gnoll's fire resistance burns away.
The orc hits you but does no damage. x2
The orc priest shouts, "Surrender to Beogh and we'll let you live!"
The orc priest hits you from afar with a +0 trident.
The giant cockroach waves its antennae.
The giant cockroach bites you.
A gnoll comes into view. It is wielding a +0 club.
You slash the giant cockroach! You freeze the giant cockroach.
You kill the giant cockroach!
You hit the orc. You freeze the orc.
You kill the orc!
You hit the orc. You freeze the orc.
You kill the orc!
You hit the gnoll. You freeze the gnoll.
You kill the gnoll!
The orc priest closely misses you.
Your Armour skill increases to level 2!
Your Shields skill increases to level 2!
Casting: Scorch (safe; 8% risk of failure)
Confirm with . or Enter, or press ? or * to list all spells.
Flames lash the gnoll.
The gnoll is almost dead.
The gnoll's fire resistance burns away.
The orc priest threatens, "By the altar or by the axe, you will meet Beogh!"
The orc priest calls down the wrath of Beogh upon you.
Pain shoots through your body!
* * * LOW HITPOINT WARNING * * *
The gnoll hits you from afar with a +2 halberd of venom!
* * * LOW HITPOINT WARNING * * *
You are lethally poisoned!
It was a potion of flight.
You feel very buoyant.
You fly up into the air.
* * * LOW HITPOINT WARNING * * *
You feel sick.
The orc priest hits you from afar with a +0 trident.
You die...

.............
..........g..
............
...........
.........$
#..g#.....
#.))......
#>@)o.....
#.$.))....#.
#.........##
##...#.##$.#
###...# ##
##..# ... ...


You could see an orc priest and 2 gnolls.

Vanquished Creatures
  Edmund (D:5)
  A hound (D:4)
  An orc priest (D:4)
  Terence (D:3)
  5 gnolls
  3 adders
  A shadow imp (D:3)
  A worm (D:2)
  3 dart slugs
  9 orcs
  9 bats
  12 endoplasms
  2 giant cockroaches (D:4)
  6 goblins
  5 hobgoblins
  2 jackals (D:1)
  4 quokkas
  7 ball pythons
  A frilled lizard (D:2)
  6 kobolds
  6 rats
86 creatures vanquished.

Vanquished Creatures (collateral kills)
  A foxfire (D:1)
1 creature vanquished.

Vanquished Creatures (others)
  134 foxfires
  5 plants (D:2)
139 creatures vanquished.

Grand Total: 226 creatures vanquished

Notes
Turn   | Place    | Note
-------+----------+-------------------------------------------
     0 | D:1      | Krehm the Hill Orc Fire Elementalist began the quest for
                  | the Orb.
     0 | D:1      | Reached XP level 1. HP: 14/14 MP: 3/3
   211 | D:1      | Reached XP level 2. HP: 20/20 MP: 2/4
   745 | D:1      | Found a faded altar of an unknown god.
   965 | D:1      | Learned a level 2 spell: Scorch
  1122 | D:1      | Reached XP level 3. HP: 22/26 MP: 0/5
  2009 | D:2      | Reached skill level 1 in Fighting
  2404 | D:2      | Reached XP level 4. HP: 35/35 MP: 7/7
  2650 | D:2      | Learned a level 3 spell: Inner Flame
  2746 | D:3      | Noticed Terence
  2747 | D:3      | Reached skill level 1 in Polearms
  2796 | D:3      | Gained mutation: You are agile. (Dex +2) [potion of
                  | mutation]
  2796 | D:3      | Gained mutation: Your muscles are strong. (Str +2) [potion
                  | of mutation]
  2796 | D:3      | Lost mutation: Your muscles are strong. (Str +2) [potion of
                  | mutation]
  2796 | D:3      | Gained mutation: You have supernaturally acute eyesight.
                  | (SInv) [potion of mutation]
  2797 | D:3      | Killed Terence
  3114 | D:3      | Reached skill level 4 in Fire Magic
  3167 | D:3      | Found Lijuc's Distillery.
  3176 | D:3      | Bought a potion of degeneration for 10 gold pieces
  3185 | D:3      | Reached XP level 5. HP: 40/40 MP: 3/8
  3210 | D:3      | Reached skill level 1 in Hexes
  3794 | D:4      | Found Rurufon's Antique Weapon Boutique.
  3966 | D:4      | Reached XP level 6. HP: 47/47 MP: 6/9
  4029 | D:4      | You fall into a shaft and drop 2 floors!
  4041 | D:6      | Identified the +10 hand axe of Risk Management {freeze,
                  | Will- Str+2 Int+3 Dex+4}
  4049 | D:5      | Entered Level 5 of the Dungeon
  4071 | D:5      | Noticed an ice beast
  4083 | D:5      | Noticed Edmund
  4097 | D:5      | Killed Edmund
  4098 | D:5      | Reached skill level 1 in Axes
  4098 | D:5      | Reached skill level 1 in Armour
  4098 | D:5      | Reached skill level 1 in Shields
  4198 | D:5      | Found an ornate altar of the Wu Jian Council.
  4250 | D:4      | HP: 2/50 [gnoll (8)]
  4251 | D:4      | Slain by an orc priest

Illustrated notes

Levels and vault maps discovered:
D:1:      saegor_arrival_miasma, layout_loops_corners,
          shapermc_ecumenical_altar_mp_vishouse
D:2:      layout_loops_ring, serial_bayou_pond_b
D:3:      layout_basic, serial_shops, shop, uniq_terence
D:4:      layout_cave_pools, serial_shops, nicolae_shop_waterfront, st_stairs_5,
          minmay_fire_ice_demons
D:5:      layout_loops_corners, mainiacjoe_overflow_tiny_flanked,
          nicolae_wu_jian_wuxing_cycle, minmay_temple_entry_gardened_gates,
          serial_shops, shop, uniq_sigmund, uniq_edmund
D:6:      layout_basic, gammafunk_temple_overflow_elements, serial_glass,
          glass_columns_b, glass_columns_c, uniq_crazy_yiuf_cottage

Skill      XL: |  1  2  3  4  5  6 |
---------------+-------------------+-----
Stealth        | 2 |  2.0
Spellcasting   | 2 |  2.3
Fighting       | 1 2 |  2.5
Polearms       | 1 2 |  2.2
Conjurations   | 2 |  2.4
Fire Magic     | 4 |  4.2
Hexes          | 1 |  1.3
Axes           | 1 |  1.9
Armour         | 2 |  2.0
Shields        | 2 |  2.0
Dodging        | |  1.5

Action                   |  1- 3 |  4- 6 || total
-------------------------+-------+-------++-------
Melee: Whip              |     4 |       ||     4
       Dagger            |     3 |       ||     3
       Spear             |    42 |    43 ||    85
       Hand axe          |       |    16 ||    16
 Cast: Foxfire           |    49 |    29 ||    78
       Scorch            |       |    14 ||    14
  Use: Potion            |       |     2 ||     2
 Stab: Sleeping          |     3 |     3 ||     6
Armor: Robe              |     5 |       ||     5
       Leather armour    |     6 |     1 ||     7
       Scale mail        |       |    12 ||    12
Dodge: Dodged            |    42 |    29 ||    71
